 Dungeon Crawl Stone Soup version 0.26-a0-649-gf8c6c3aab7 (webtiles) character file.

Game seed: 6927188978024297637

(classic levelgen) 298 EnegeticOcto the Shooter (level 6, -6/44 HPs)
             Began as a Mummy Wanderer on Sept 26, 2020.
             Killed from afar by an orc wizard (8 damage)
             ... with a magic dart
             ... on level 3 of the Dungeon.
             The game lasted 00:02:35 (2371 turns).

EnegeticOcto the Shooter (Mummy Wanderer)           Turns: 2371, Time: 00:02:35

Health: -6/44      AC:  6    Str: 17    XL:     6   Next: 13%
Magic:  6/6        EV: 11    Int: 10    God:
Gold:   116        SH:  0    Dex: 13    Spells: 5/5 levels left

rFire    . . .     SeeInvis .   a - +2 dagger (drain)
rCold    + + .     Faith    .   (no shield)
rNeg     + + +     Spirit   .   j - +0 ring mail
rPois    ∞         Reflect  .   (no helmet)
rElec    .         Harm     .   h - scarf {rC+ rF+}
rCorr    .         Rampage  .   g - +0 pair of gloves
MR       +....                  (no boots)
Stlth    +.........             (no amulet)
HPRegen  0.14/turn              m - ring of protection from magic
MPRegen  0.10/turn              (no ring)

@: no status effects
A: no potions, fire vulnerability, cold resistance 1, negative energy resistance
3, torment resistance, unbreathing
a: no special abilities


You were on level 3 of the Dungeon.
You visited 1 branch of the dungeon, and saw 3 of its levels.

You collected 116 gold pieces.

Inventory:

Hand Weapons
 a - a +2 dagger of draining (weapon)
 b - a +0 shortbow
Missiles
 c - 48 arrows
Armour
 e - a +0 robe
 g - a +0 pair of gloves (worn)
 h - a scarf of resistance (worn)
 j - a +0 ring mail (worn)
Jewellery
 m - a ring of protection from magic (left hand)
Scrolls
 d - 3 scrolls of teleportation {@r3 !r}
 f - 2 scrolls of identify {unknown}
 i - a scroll of fog {unknown}
 k - a scroll of blinking {unknown}
 l - a scroll of magic mapping {unknown}
 n - a scroll of fear {unknown}


   Skills:
 - Level 2.0 Fighting
   Level 1.5 Maces & Flails
 + Level 5.0 Bows
 - Level 1.0 Throwing
 - Level 2.4 Dodging
   Level 1.0 Shields
 - Level 1.0 Unarmed Combat


You had 5 spell levels left.
You didn't know any spells.
Your spell library was empty.

Dungeon Overview and Level Annotations

Branches:
Dungeon (3/15)

Altars:
Kikubaaqudgha

Annotations:
D:3 Purgy


Innate Abilities, Weirdness & Mutations

You do not drink.
Your flesh is vulnerable to fire.
You are immune to poison.
Your flesh is cold resistant. (rC+)
You are immune to negative energy. (rN+++)
You are immune to unholy pain and torment.
You can survive without breathing.


Message History

You shoot an arrow.
The arrow hits Grinder but does no damage.
Grinder is severely wounded.
The orc wizard casts a spell at you. The puff of flame hits you.
Grinder says, "Make like a tree!"
Grinder blinks!
An orc comes into view. It is wielding a +0 dagger.
The orc moves out of view.
Firing (i - inventory)
c - 55 arrows (quivered)
Press: ? - help, Shift-Dir - straight line, f/p - Grinder
Aim: Grinder (severely wounded)
You shoot an arrow. The arrow closely misses Grinder.
The orc wizard hits you but does no damage. x2
Firing (i - inventory)
c - 54 arrows (quivered)
Press: ? - help, Shift-Dir - straight line, f/p - Grinder
Aim: Grinder (severely wounded)
You shoot an arrow. The arrow barely misses Grinder.
The orc wizard hits you but does no damage.
Firing (i - inventory)
c - 53 arrows (quivered)
Press: ? - help, Shift-Dir - straight line, f/p - Grinder
Aim: Grinder (severely wounded)
You shoot an arrow. The orc shouts!
The arrow hits Grinder.
Grinder is severely wounded.
You hear a shout!
The orc wizard closely misses you.
Grinder grins, showing sharp teeth.
Grinder hits you!
* * * LOW HITPOINT WARNING * * *
The orc wizard closely misses you.
Firing (i - inventory)
c - 52 arrows (quivered)
Press: ? - help, Shift-Dir - straight line, f/p - Grinder
Aim: Grinder (severely wounded)
You shoot an arrow. The arrow barely misses Grinder.
The orc wizard hits you with a +0 dagger.
* * * LOW HITPOINT WARNING * * *
Grinder gestures at you. You resist with almost no effort.
Firing (i - inventory)
c - 51 arrows (quivered)
Press: ? - help, Shift-Dir - straight line, f/p - Grinder
Aim: Grinder (severely wounded)
You shoot an arrow. The arrow hits Grinder.
Grinder is almost dead.
The orc wizard hits you with a +0 dagger.
* * * LOW HITPOINT WARNING * * *
Grinder barely misses you.
The orc wizard hits you with a +0 dagger.
* * * LOW HITPOINT WARNING * * *
Firing (i - inventory)
c - 50 arrows (quivered)
Press: ? - help, Shift-Dir - straight line, f/p - Grinder
Aim: Grinder (almost dead)
You shoot an arrow.
The arrow hits Grinder but does no damage.
Grinder is almost dead.
The orc wizard barely misses you.
An orc comes into view.
It is wearing a +0 scale mail of cold resistance.
Grinder blinks!
The orc wizard hits you but does no damage.
Firing (i - inventory)
c - 49 arrows (quivered)
Press: ? - help, Shift-Dir - straight line, f/p - Grinder
Aim: Grinder (almost dead)
You shoot an arrow. The arrow hits Grinder!
You kill Grinder!
Your Bows skill gained 2 levels and is now at level 5!
You have reached level 5!
You feel clever.
You have reached level 6!
Your experience leads to an increase in your attributes!
Increase (s)trength, (i)ntelligence, or (d)exterity?
You feel stronger. The orc wizard barely misses you.
You sense an unholy aura.
a - a +2 dagger of draining (weapon)
The orc wizard hits you with a +0 dagger.
* * * LOW HITPOINT WARNING * * *
You barely miss the orc wizard. The orc wizard closely misses you.
You closely miss the orc. You hit the orc but do no damage. You drain the orc.
The orc is moderately wounded.
The orc closely misses you.
You barely miss the orc.
The orc is moderately wounded.
The orc completely misses you.
You hit the orc.
The orc is moderately wounded.
The orc wizard mumbles some strange words.
The orc wizard flickers and vanishes!
Deactivating autopickup; reactivate with Ctrl-A.
The orc hits you with a +0 dagger.
* * * LOW HITPOINT WARNING * * *
You hit the orc. You drain the orc.
You kill the orc!
You hit something.
Something hits you but does no damage. x2
You barely miss something.
You hear some strange, mumbled words.
A magic dart appears from out of thin air!
The magic dart hits you!
You die...

#......................##.#..#.#.
##.##########((†###...###.#.##.#.
#.# #(..# ##### #........ ..#
#...# ###..#### #.## #(..#
#.....# #. #...# ##..###. #.
####..(## #...# ## #. #......(#
#.#.# # #.###.#@# #...# ## ..
...#{# ###.###. # ##...o.......
##...# ####.#..###. ##### .....#
.(# .# .### .# . . !. #.


You could see an orc.

Vanquished Creatures
  Grinder (D:3)
  3 adders (D:2)
  An ooze (D:1)
  3 worms (D:2)
  A dart slug (D:2)
  2 leopard geckos
  5 orcs
  5 giant cockroaches
  7 goblins
  6 hobgoblins
  3 jackals (D:3)
  A ball python (D:1)
  2 bats
  6 frilled lizards
  4 kobolds
  3 rats
53 creatures vanquished.

Notes
Turn   | Place    | Note
-------+----------+-------------------------------------------
     0 | D:1      | EnegeticOcto the Mummy Wanderer began the quest for the
                  | Orb.
     0 | D:1      | EnegeticOcto set off with the following items: a +2 mace, a
                  | +0 shortbow, 27 arrows, a scroll of teleportation {@r3 !r},
                  | a +0 robe
     0 | D:1      | Reached XP level 1. HP: 16/16 MP: 1/1
   134 | D:1      | Reached skill level 1 in Bows
   165 | D:1      | Reached XP level 2. HP: 22/22 MP: 2/2
   971 | D:2      | Reached skill level 2 in Bows
  1095 | D:2      | Reached XP level 3. HP: 27/27 MP: 3/3
  1412 | D:2      | Found an ancient bone altar of Kikubaaqudgha.
  1478 | D:2      | Reached skill level 3 in Bows
  1478 | D:2      | Reached XP level 4. HP: 33/33 MP: 4/4
  2049 | D:3      | Noticed Purgy
  2337 | D:3      | Noticed Grinder
  2362 | D:3      | Killed Grinder
  2362 | D:3      | Reached skill level 5 in Bows
  2362 | D:3      | Reached XP level 5. HP: 4/38 MP: 5/5
  2362 | D:3      | Reached XP level 6. HP: 4/44 MP: 6/6
  2368 | D:3      | HP: 1/44 [orc/+0 dagger (3)]
  2371 | D:3      | Killed from afar by an orc wizard

Illustrated notes

Levels and vault maps discovered:
D:1:      ncdulo_smallfort, layout_basic, serial_curves, eino_curves_04,
          eino_curves_02
D:2:      layout_basic, nicolae_overflow_hidden_temple, nrook_campfire,
          guppyfry_early_orc_mine
D:3:      layout_loops_cross, minmay_diced_spiral, uniq_grinder, uniq_purgy

Skill      XL: |  1  2  3  4 |
---------------+-------------+-----
Bows           | 1 2 3 5 |  5.0
Fighting       | |  2.0
Maces & Flails | |  1.5
Throwing       | |  1.0
Dodging        | |  2.4
Shields        | |  1.0
Unarmed Combat | |  1.0

Action                   |  1- 3 |  4- 6 || total
-------------------------+-------+-------++-------
Melee: Mace              |     4 |       ||     4
       Dagger            |    73 |    60 ||   133
 Fire: Shortbow          |    14 |    18 ||    32
Armor: Robe              |    10 |       ||    10
       Ring mail         |     3 |    19 ||    22
Dodge: Dodged            |    36 |    44 ||    80

Table legend: (Time is in decaauts)
 A = Elapsed time spent in this place.
 B = Non-inter-level travel time spent in this place.
 C = Inter-level travel time spent in this place.
 D = Time resting spent in this place.
 E = Time spent auto-exploring this place.
 F = Levels seen in this place.
 G = Mean time per level.
                   A        B        C        D        E       F      G
               +--------+--------+--------+--------+--------+-----+--------+
         Total |   2373 |   2276 |     97 |      6 |   1831 |   3 |  791.0 |
       Dungeon |   2373 |   2276 |     97 |      6 |   1831 |   3 |  791.0 |
               +--------+--------+--------+--------+--------+-----+--------+

Top non-repeatable levels by time:
     D:2: 1139 daAuts
     D:1: 968 daAuts
     D:3: 266 daAuts
